 Dungeon Crawl Stone Soup version 0.18.1-47-g9310371 (console) character file.

6029 Kloppie the Carver (level 10, -12/56 HPs)
             Began as a Vine Stalker Gladiator on June 17, 2016.
             Was a Priest of Okawaru.
             Mangled by a cyan ugly thing (13 damage)
             ... on level 9 of the Dungeon.
             The game lasted 00:17:13 (8846 turns).

Kloppie the Carver (Vine Stalker Gladiator)         Turns: 8846, Time: 00:17:14

Health: -12/56     AC: 14    Str: 19    XL:     10   Next: 86%
Magic:  0/12       EV: 12    Int:  8    God:    Okawaru [***...]
Gold:   291        SH:  0    Dex: 17    Spells: 0 memorised, 11 levels left

rFire  . . .     SeeInvis .     a - +0 scimitar
rCold  . . .     Gourm    .     y - +0 scale mail
rNeg   . . .     Faith    .     (no shield)
rPois  +         Spirit   +     v - +1 helmet
rElec  .         Dismiss  .     n - +0 cloak
rCorr  .         Reflect  .     e - +1 pair of gloves
SustAt .         Harm     .     (no boots)
MR     +....                    (no amulet)
Stlth  ..........               z - ring of poison resistance
                                J - ring of wizardry

@: somewhat resistant to hostile enchantments, extremely unstealthy
A: fangs 3, icy blue scales 1, regeneration 2, wild magic 1, magic shield,
antimagic bite, no device heal 3, rot immunity, sturdy frame 1
a: Heroism, Renounce Religion


You were on level 9 of the Dungeon.
You worshipped Okawaru.
Okawaru was most pleased with you.
You were not hungry.

You visited 2 branches of the dungeon, and saw 10 of its levels.
You also visited: Sewer.

You collected 653 gold pieces.
You spent 362 gold pieces at shops.

Inventory:

Hand Weapons
 a - a +0 scimitar (weapon)
 c - a +2 demon trident of flaming
 g - a +0 long sword
 D - the +9 whip of Qazlal's Approval {flame, rElec rC+ MR- SInv}
   (You bought it in a shop on level 6 of the Dungeon)

   It has been specially enchanted to burn those struck by it, causing extra
   injury to most foes and up to half again as much damage against particularly
   susceptible opponents.
   It protects you from cold.
   It insulates you from electricity.
   It affects your resistance to hostile enchantments.
   It lets you see invisible.
 G - a +0 long sword
Missiles
 d - 2 throwing nets (quivered)
Armour
 e - a +1 pair of gloves (worn)
 n - a +0 cloak (worn)
 v - a +1 helmet (worn)
 y - a +0 scale mail (worn)
Jewellery
 j - an uncursed ring of see invisible
 z - a ring of poison resistance (right hand)
 J - a ring of wizardry (left hand)
 L - an uncursed ring of fire
Wands
 u - a wand of paralysis (8/24)
 w - a wand of flame (23/48)
 x - a wand of lightning (10/15)
 I - a wand of polymorph (8/24)
 M - a wand of flame (23/48)
Scrolls
 o - 2 scrolls of fog
 p - 6 scrolls of teleportation
 q - 7 scrolls of remove curse
 t - 3 scrolls of noise
 B - a scroll of recharging
Potions
 b - 9 potions of curing {unknown}
 m - 2 potions of brilliance {unknown}
 r - 4 potions of flight
 s - 2 potions of cure mutation
 E - a potion of invisibility
 H - 2 potions of cancellation
Books
 C - a book of Party Tricks

   Spells                             Type                      Level
   a - Summon Butterflies             Summoning                    1
   b - Apportation                    Translocation                1
   c - Tukima's Dance                 Hexes                        3
   d - Alistair's Intoxication        Transmutation/Poison         5
   e - Invisibility                   Hexes                        6
 F - a book of Dreams

   Spells                             Type                      Level
   a - Ensorcelled Hibernation        Hexes/Ice                    2
   b - Silence                        Hexes/Air                    5
   c - Darkness                       Hexes                        6
   d - Shadow Creatures               Summoning                    6
 K - a book of Envenomations

   Spells                             Type                      Level
   a - Spider Form                    Transmutation/Poison         3
   b - Olgreb's Toxic Radiance        Poison                       4
   c - Alistair's Intoxication        Transmutation/Poison         5
   d - Poisonous Cloud                Conjuration/Poison/Air       6
Comestibles
 f - 6 bread rations
 h - 3 beef jerkies
 i - 3 royal jellies
 k - 16 chunks of flesh
 l - 5 meat rations
 A - 8 slices of pizza


   Skills:
 + Level 8.1 Fighting
 * Level 10.0 Long Blades
 - Level 1.7 Throwing
 - Level 6.5 Armour
 - Level 2.7 Dodging
 + Level 1.3 Spellcasting
 - Level 2.0 Invocations


You had 11 spell levels left.
You didn't know any spells.

Dungeon Overview and Level Annotations

Branches:
Dungeon (9/15)             Temple (1/1) D:7
   Lair: D:8-11         Orc: D:9-12

Altars:
Ashenzari
Cheibriados
Dithmenos
Elyvilon
Fedhas
Gozag
Kikubaaqudgha
Makhleb
Nemelex Xobeh
Okawaru
Pakellas
Qazlal
Ru
Sif Muna
Trog
Vehumet
Xom
Yredelemnul
Zin
The Shining One

Shops:
D:6 (   D:7 [   D:8 [*


Innate Abilities, Weirdness & Mutations

You have razor-sharp teeth.
You heal very quickly.
When hurt, damage is shared between your health and your magic reserves.
Your bite disrupts and absorbs the magic of your enemies.
Potions and wands cannot restore your health.
You are immune to rotting.
You are partially covered in icy blue scales (AC +1).
Your spells are a little harder to cast, but a little more powerful.
Your movements are slightly less encumbered by armour (ER -2).


Message History

You bite the cyan ugly thing, but do no damage.
The cyan ugly thing is heavily wounded.
The cyan ugly thing headbutts you! The cyan ugly thing shocks you!
* * * LOW HITPOINT WARNING * * *
You are too injured to fight recklessly!
You are too injured to fight recklessly!
You are too injured to fight recklessly!
You slash the cyan ugly thing! Your bite misses the cyan ugly thing.
The cyan ugly thing is severely wounded.
The cyan ugly thing headbutts you!
* * * LOW HITPOINT WARNING * * *
The cyan ugly thing shocks you!
* * * LOW HITPOINT WARNING * * *
A killer bee comes into view.
You closely miss the cyan ugly thing.
The cyan ugly thing is severely wounded.
The cyan ugly thing headbutts you.
* * * LOW HITPOINT WARNING * * *
The cyan ugly thing shocks you!
You die...

## .. #.
########### . #.
#.yyu@....#
....##.##.#######.#
....u.....# #.#
.......####
####)### ....###
#.....)# .#.
#.##.#(# ..#.#
########.##.#(#
.....
#........#...(#
....
#.........#.#.##


You could see a cyan ugly thing and 2 killer bees.

Vanquished Creatures
  The ghost of Venard the Protected, a novice MiFi of Okawaru (D:8)
  3 yaks (D:9)
  A spriggan (D:9)
  2 hippogriffs
  A hungry ghost (D:8)
  5 sky beasts
  7 orc warriors
  A necrophage (D:5)
  3 phantoms
  2 ice beasts
  3 ogres
  5 centaurs
  4 big kobolds
  3 giant frogs
  A water moccasin zombie (D:8)
  3 scorpions
  A killer bee (D:7)
  A howler monkey (D:4)
  5 crimson imps
  9 hounds
  3 orc priests
  A giant frog skeleton (D:8)
  3 iguanas
  Ijyb (D:3)
  3 worker ants
  8 orc wizards
  2 hound skeletons
  2 worker ant zombies
  3 gnolls (D:6)
  11 adders
  4 river rats (Sewer)
  A shadow imp (D:5)
  2 oozes
  An adder zombie (D:5)
  3 worms
  5 giant geckos
  33 orcs
  10 giant cockroaches
  3 goblins
  3 hobgoblins
  7 jackals
  7 quokkas
  5 ball pythons
  3 bats
  A giant gecko skeleton (D:3)
  10 giant newts
  A jackal skeleton (D:5)
  25 kobolds
  31 rats
253 creatures vanquished.

Notes
Turn   | Place    | Note
--------------------------------------------------------------
     0 | D:1      | Kloppie the Vine Stalker Gladiator began the quest for the Orb.
     0 | D:1      | Reached XP level 1. HP: 11/11 MP: 2/2
   358 | D:1      | Reached XP level 2. HP: 10/15 MP: 1/3
   897 | D:2      | Reached skill level 3 in Long Blades
   897 | D:2      | Reached XP level 3. HP: 18/18 MP: 4/4
  1182 | D:2      | Found a sacrificial altar of Ru.
  1190 | D:2      | Found a shadowy altar of Dithmenos.
  1194 | D:2      | Found a glowing silver altar of Zin.
  1201 | D:2      | Reached XP level 4. HP: 18/23 MP: 5/5
  1230 | D:2      | Found a basalt altar of Yredelemnul.
  1269 | D:2      | Reached skill level 1 in Armour
  1582 | D:3      | Noticed Ijyb
  1596 | D:3      | Killed Ijyb
  1930 | D:3      | Reached XP level 5. HP: 27/27 MP: 6/6
  2426 | D:5      | Entered Level 5 of the Dungeon
  2431 | D:5      | Reached skill level 4 in Long Blades
  2570 | D:5      | Gained mutation: You heal very quickly. [Vine Stalker growth]
  2570 | D:5      | Reached XP level 6. HP: 32/32 MP: 7/7
  2653 | D:5      | Noticed a necrophage
  2667 | D:5      | Killed a necrophage
  2814 | D:5      | Noticed a sky beast
  2832 | D:5      | Killed a sky beast
  2832 | D:5      | Reached skill level 5 in Long Blades
  2836 | D:5      | Gained mutation: You are partially covered in icy blue scales (AC +1). [mutagenic meat]
  2837 | D:5      | Gained mutation: You occasionally shout uncontrollably at your foes. [mutagenic meat]
  2838 | D:5      | Gained mutation: Your movements are slightly less encumbered by armour (ER -2). [mutagenic meat]
  2839 | D:5      | Gained mutation: Your spells are a little harder to cast, but a little more powerful. [mutagenic meat]
  2852 | D:5      | Reached XP level 7. HP: 28/36 MP: 5/8
  2969 | D:5      | Found a glowing drain.
  2975 | Sewer    | Entered a sewer
  3717 | D:5      | Reached skill level 6 in Long Blades
  3717 | D:5      | Gained mutation: You have razor-sharp teeth. [Vine Stalker growth]
  3717 | D:5      | Reached XP level 8. HP: 29/42 MP: 9/9
  4807 | D:6      | Found Zykol's Antique Weapon Emporium.
  4823 | D:6      | Bought a pitted whip for 187 gold pieces
  4823 | D:6      | Identified the +9 whip of Qazlal's Approval {flame, rElec rC+ MR- SInv} (You bought it in a shop on level 6 of the Dungeon)
  5204 | D:6      | Reached skill level 5 in Fighting
  5204 | D:6      | Reached skill level 7 in Long Blades
  5458 | D:6      | Found a snail-covered altar of Cheibriados.
  5760 | D:7      | Lost mutation: You occasionally shout uncontrollably at your foes. [mutagenic meat]
  5790 | D:7      | Reached XP level 9. HP: 8/47 MP: 10/10
  6134 | D:7      | Reached skill level 5 in Armour
  6167 | D:7      | Reached skill level 8 in Long Blades
  6390 | D:7      | Found Udou's Armour Boutique.
  6429 | D:7      | Found a staircase to the Ecumenical Temple.
  6757 | Temple   | Entered the Ecumenical Temple
  6853 | Temple   | Became a worshipper of Warmaster Okawaru
  7423 | D:8      | Found Bobe's Assorted Antiques.
  7430 | D:8      | Bought a scratched silver ring for 125 gold pieces
  7430 | D:8      | Bought a scroll of identify for 50 gold pieces
  7492 | D:8      | Reached XP level 10. HP: 24/55 MP: 11/11
  7643 | D:8      | Noticed Venard's ghost (novice MiFi)
  7676 | D:8      | Killed Venard's ghost
  7676 | D:8      | Reached * piety under Okawaru
  7676 | D:8      | Reached skill level 9 in Long Blades
  7918 | D:8      | Reached ** piety under Okawaru
  8146 | D:8      | Found Zues's Antique Armour Shop.
  8256 | D:8      | Reached skill level 1 in Invocations
  8716 | D:9      | Reached *** piety under Okawaru
  8716 | D:9      | Reached skill level 1 in Spellcasting
  8774 | D:9      | Reached skill level 10 in Long Blades
  8828 | D:9      | Noticed a cyan ugly thing
  8846 | D:9      | HP: 1/56 [cyan ugly thing (5)]
  8846 | D:9      | Mangled by a cyan ugly thing

Skill      XL: |  1  2  3  4  5  6  7  8  9 10 |
---------------+-------------------------------+-----
Fighting       | 2 3 4 5 7 8 |  8.1
Long Blades    | 3 4 5 6 7 8 10 | 10.0
Armour         | 1 2 3 4 5 6 |  6.5
Invocations    | 2 |  2.0
Spellcasting   | 1 |  1.3
Throwing       | |  1.7
Dodging        | |  2.7

Action                   |  1- 3 |  4- 6 |  7- 9 | 10-12 || total
-------------------------+-------+-------+-------+-------++-------
Melee: Long sword        |    72 |   146 |   489 |     8 ||   715
       Bite              |    20 |    40 |   159 |    74 ||   293
       Scimitar          |       |       |       |   180 ||   180
Throw: Throwing net      |       |       |     1 |       ||     1
Invok: Heroism           |       |       |       |     1 ||     1
Evoke: Wand              |       |     2 |       |       ||     2
  Use: Scroll            |     7 |       |    12 |     1 ||    20
       Potion            |       |       |     3 |     1 ||     4
  Eat: Chunk             |     1 |     9 |    17 |     5 ||    32
Armor: Leather armour    |     6 |       |       |       ||     6
       Chain mail        |    32 |    84 |       |       ||   116
       Scale mail        |       |    31 |   225 |    64 ||   320
Dodge: Dodged            |    35 |    93 |   338 |    86 ||   552
